 Dungeon Crawl Stone Soup version 0.30-a0-297-g0ec75d9ef4 (webtiles) character file.

Game seed: 5986691858787849779

69 koil the Sneak (level 4, 0/22 HPs)
             Began as a Spriggan Enchanter on Oct 18, 2022.
             Slain by a goblin
             ... wielding a +0 club
             ... led by Robin
              (5 damage)
             ... on level 2 of the Dungeon.
             The game lasted 00:02:39 (890 turns).

koil the Sneak (Spriggan Enchanter)                  Turns: 890, Time: 00:02:39

Health: 0/22       AC:  2    Str:  4    XL:     4   Next: 2%
Magic:  5/9        EV: 18    Int: 16    God:
Gold:   29         SH:  0    Dex: 17    Spells: 7/9 levels left

rFire   . . .      SeeInvis +    a - +1 dagger
rCold   . . .      Faith    .    (no shield)
rNeg    . . .      Spirit   .    b - +0 robe
rPois   .          Reflect  .    (helmet restricted)
rElec   .          Harm     .    (no cloak)
rCorr   .          Rampage  .    (gloves unavailable)
Will    .....                    (boots unavailable)
Stlth   +++.......               (no amulet)
HPRegen 0.23/turn                (no ring)
MPRegen 0.11/turn                (no ring)

@: very slightly contaminated, very quick
A: very small, no large weapons, unfitting armour, see invisible, speed 3
a: no special abilities


You were on level 2 of the Dungeon.
You visited 1 branch of the dungeon, and saw 2 of its levels.

You collected 29 gold pieces.

Inventory:

Hand Weapons
 a - a +1 dagger (weapon)
Missiles
 f - a throwing net (quivered)
Armour
 b - a +0 robe (worn)
Scrolls
 d - a scroll of teleportation {unknown}
 h - a scroll of noise {unknown}
Potions
 c - 2 potions of invisibility
 e - a potion of curing {unknown}
 g - a potion of might {unknown}
 i - a potion of heal wounds {unknown}
 j - a potion of flight {unknown}


   Skills:
 + Level 1.0 Fighting
 + Level 1.9 Short Blades
 + Level 3.4 Dodging
 + Level 5.0 Stealth
 + Level 3.3 Spellcasting
 + Level 4.1 Hexes


You had 7 spell levels left.
You knew the following spells:

 Your Spells              Type           Power      Damage    Failure   Level
a - Ensorcelled Hibernat  Hex/Ice        18%        N/A       12%         2

Your spell library contained the following spells:

 Spells                   Type           Power      Damage    Failure   Level
 Confusing Touch          Hex            15%        N/A       10%         3
 Tukima's Dance           Hex            15%        N/A       10%         3
 Sandblast                Erth           4%         2d4       19%         1
 Dazzling Flash           Conj/Hex       18%        N/A       24%         3
 Passwall                 Tmut/Erth      1%         N/A       28%         2
 Stone Arrow              Conj/Erth      4%         3d7       50%         3


Dungeon Overview and Level Annotations

Branches:
Dungeon (2/15)

Altars:

Annotations:
D:2 Robin


Innate Abilities, Weirdness & Mutations

You are very small and have problems with some larger weapons.
You are too small for most types of armour.
You have supernaturally acute eyesight. (SInv)
You cover ground extremely quickly. (Speed+++)


Message History

The goblin hits you but does no damage.
Casting: Ensorcelled Hibernation (safe; 12% risk of failure)
Confirm with . or Enter, or press ? or * to list all spells.
Aiming: Ensorcelled Hibernation (safe; 12% risk of failure)
Press: ? - help, Shift-Dir - straight line, f/p - Robin
Aim: Robin, wielding a +0 mace, wearing a +0 animal skin and wearing a +0 helmet (chance to affect: 51%)
You miscast Ensorcelled Hibernation.
Nothing appears to happen.
The hobgoblin barely misses you.
A hobgoblin comes into view.
The hobgoblin completely misses you. The goblin barely misses you.
The goblin hits you but does no damage.
You hit Robin but do no damage. The hobgoblin barely misses you.
The hobgoblin hits you. The goblin hits you with a +0 club.
The goblin misses you.
You closely miss Robin. The hobgoblin hits you.
The hobgoblin completely misses you. The goblin completely misses you.
A goblin comes into view. It is wielding a +0 dagger.
The goblin closely misses you.
You completely miss Robin. The hobgoblin completely misses you.
The hobgoblin hits you but does no damage.
The goblin barely misses you. The goblin misses you. Robin barely misses you.
You hit Robin.
Robin is lightly wounded.
The hobgoblin misses you. The hobgoblin hits you.
The goblin completely misses you. The goblin hits you but does no damage.
Robin completely misses you.
You hit Robin.
Robin is lightly wounded.
The goblin misses you.
Robin roars a battlecry!
The goblins go into a battle-frenzy!
The hobgoblin barely misses you. x2; The goblin closely misses you.
You barely miss the hobgoblin. Robin hits you with a +0 mace.
* * * LOW HITPOINT WARNING * * *
The hobgoblin completely misses you. The hobgoblin barely misses you.
The goblin misses you. The goblin completely misses you.
You hit Robin.
Robin is moderately wounded.
The hobgoblin barely misses you. x2; The goblin hits you with a +0 club.
You die...

.# .# ...
#########.#### ##..
.............###...
................<.
#######.###.###..
........# #.# #.#
#######.###.###g##
# #........g@# #
###.#####ggggg....
# #.# ##.#g..### #
#.# #.##.## ..# #.#
.# ### #.# # #.#
#.#


You could see Robin, 2 hobgoblins and 5 goblins.

Vanquished Creatures
  5 gnolls
  A ball python (D:1)
  5 endoplasms (D:1)
  A goblin (D:1)
  2 hobgoblins (D:1)
  A quokka (D:1)
  6 frilled lizards
  2 rats
23 creatures vanquished.

Notes
Turn   | Place    | Note
-------+----------+-------------------------------------------
     0 | D:1      | koil the Spriggan Enchanter began the quest for the Orb.
     0 | D:1      | Reached XP level 1. HP: 9/9 MP: 5/5
   116 | D:1      | Reached XP level 2. HP: 12/14 MP: 6/6
   119 | D:1      | Learned a level 2 spell: Ensorcelled Hibernation
   657 | D:2      | Reached XP level 3. HP: 17/17 MP: 0/8
   798 | D:2      | Found a faded altar of an unknown god.
   835 | D:2      | Reached skill level 1 in Fighting
   835 | D:2      | Reached skill level 5 in Stealth
   835 | D:2      | Reached XP level 4. HP: 22/22 MP: 6/9
   875 | D:2      | Noticed Robin
   890 | D:2      | Slain by a goblin

Illustrated notes

Levels and vault maps discovered:
D:1:      minmay_arrival_jagged, layout_loops_cross, serial_bayou_pond_b
D:2:      layout_loops_ring, hellmonk_ecumenical_altar_heavens_door,
          columned_hall_lemuel, uniq_robin, uniq_terence, uniq_sigmund

Skill      XL: |  1  2  3 |
---------------+----------+-----
Dodging        | 3 |  3.4
Spellcasting   | 3 |  3.3
Hexes          | 4 |  4.1
Fighting       | 1 |  1.0
Stealth        | 5 |  5.0
Short Blades   | |  1.9

Action                   |  1- 3 |  4- 6 || total
-------------------------+-------+-------++-------
Melee: Dagger            |    50 |    13 ||    63
 Cast: Ensorcelled Hiber |     7 |       ||     7
 Stab: Sleeping          |    12 |       ||    12
Armor: Robe              |     1 |     5 ||     6
Dodge: Dodged            |    32 |    32 ||    64

Table legend: (Time is in decaauts)
 A = Elapsed time spent in this place.
 B = Non-inter-level travel time spent in this place.
 C = Inter-level travel time spent in this place.
 D = Time resting spent in this place.
 E = Time spent auto-exploring this place.
 F = Levels seen in this place.
 G = Mean time per level.
                   A        B        C        D        E       F      G
               +--------+--------+--------+--------+--------+-----+--------+
         Total |    617 |    608 |      9 |     83 |    338 |   2 |  308.5 |
       Dungeon |    617 |    608 |      9 |     83 |    338 |   2 |  308.5 |
               +--------+--------+--------+--------+--------+-----+--------+

Top non-repeatable levels by time:
     D:1: 505 daAuts
     D:2: 112 daAuts
